 Dungeon Crawl Stone Soup version 0.26-a0-21-gf97e55dc39 (webtiles) character file.

Game seed: 6536650250868411321, levelgen mode: deterministic

1907 MisterFreud the Nimble (level 9, 0/62 HPs)
             Began as an Octopode Gladiator on May 26, 2020.
             Was an Initiate of Cheibriados.
             Slain by an orc warrior
             ... wielding a +5 vorpal halberd
              (32 damage)
             ... on level 7 of the Dungeon.
             The game lasted 00:11:40 (7387 turns).

MisterFreud the Nimble (Octopode Gladiator)         Turns: 7387, Time: 00:11:40

Health: 0/62       AC:  5    Str: 14    XL:     9   Next: 16%
Magic:  15/15      EV: 22    Int: 15    God:    Cheibriados [......]
Gold:   391        SH:  0    Dex: 14    Spells: 14/16 levels left

rFire    . . .     SeeInvis +   y - +1 hand axe (elec)
rCold    . . .     Gourm    .   (no shield)
rNeg     . . .     Faith    .   b - +0 hat
rPois    .         Spirit   .   (no amulet)
rElec    .         Reflect  .   r - +4 ring of protection
rCorr    .         Harm     .   j - +4 ring of evasion
MR       .....                  z - ring of see invisible
Stlth    ++........             (no ring)
HPRegen  0.20/turn              (no ring)
MPRegen  0.14/turn              (no ring)
                                (no ring)
                                (no ring)

@: very slow
A: almost no armour, stealthy swim, amphibious, 8 rings, constrict 8, camouflage
1, gelatinous body 1
a: Bend Time, Renounce Religion


You were on level 7 of the Dungeon.
You worshipped Cheibriados.
Cheibriados was noncommittal.
You were hungry.

You visited 2 branches of the dungeon, and saw 8 of its levels.

You collected 391 gold pieces.

Inventory:

Hand Weapons
 a - a +0 trident
 y - a +1 hand axe of electrocution (weapon)
Missiles
 c - 3 throwing nets
 f - 29 poisoned darts (quivered)
Armour
 b - a +0 hat (worn)
Jewellery
 j - a +4 ring of evasion (right tentacle)
 r - a +4 ring of protection (left tentacle)
 z - a ring of see invisible (on tentacle)
Wands
 g - a wand of digging (6)
 o - a wand of disintegration (3)
 F - a wand of iceblast (6)
Scrolls
 h - a scroll of fog
 i - 4 scrolls of remove curse
 l - a scroll of enchant weapon
 m - a scroll of immolation {unknown}
 n - 2 scrolls of amnesia
 p - 10 scrolls of teleportation
 q - 2 scrolls of magic mapping {unknown}
 s - a scroll of torment {unknown}
 u - 3 scrolls of blinking {unknown}
 v - a scroll of fear {unknown}
 x - a scroll of noise {unknown}
 A - a scroll of random uselessness {unknown}
 B - 2 scrolls of enchant armour {unknown}
Potions
 e - a potion of magic
 k - a potion of stabbing
 t - 2 potions of lignification
 D - a potion of curing
Comestibles
 d - 7 rations


   Skills:
 - Level 6.0 Fighting
 - Level 3.0 Polearms
 - Level 2.0 Throwing
 - Level 8.0 Dodging
 - Level 4.0 Spellcasting
 - Level 3.0 Translocations
 + Level 1.1 Invocations
 - Level 4.0 Evocations


You had 14 spell levels left.
You knew the following spells:

 Your Spells              Type           Power        Failure   Level  Hunger
a - Blink                 Tloc           N/A          8%          2    ##.....

Your spell library contained the following spells:

 Spells                   Type           Power        Failure   Level  Hunger
 Gell's Gravitas          Tloc           ##........   16%         3    ###....
 Corona                   Hex            #......      19%         1    None
 Magic Dart               Conj           #...         19%         1    None
 Call Imp                 Summ           #.......     26%         2    ##.....
 Ensorcelled Hibernation  Hex/Ice        #.....       26%         2    ##.....
 Slow                     Hex            #.......     26%         2    ##.....
 Confusing Touch          Hex            #.......     47%         3    ###....
 Conjure Flame            Conj/Fire      #.......     47%         3    ###....
 Dazzling Flash           Conj/Hex       #.....       47%         3    ###....
 Mephitic Cloud           Conj/Pois/Air  #.......     47%         3    ###....
 Tukima's Dance           Hex            #.......     47%         3    ###....
 Petrify                  Tmut/Erth      #.......     87%         4    ####...
 Metabolic Englaciation   Hex/Ice        #.........   99%         5    ######.
 Yara's Violent Unravell  Hex/Tmut       #.........   99%         5    ######.


Dungeon Overview and Level Annotations

Branches:
Dungeon (7/15)             Temple (1/1) D:6

Altars:
Ashenzari
Cheibriados
Dithmenos
Elyvilon
Fedhas
Gozag
Hepliaklqana
Makhleb
Nemelex Xobeh
Okawaru
Qazlal
Ru
Sif Muna
Trog
Uskayaw
Vehumet
Wu Jian
Xom
Yredelemnul
The Shining One

Annotations:
D:7 2 transporters, Menkaure


Innate Abilities, Weirdness & Mutations

You cannot wear most types of armour.
You are very stealthy in the water. (Stealth+)
You are amphibious.
You can wear up to eight rings at the same time.
You can use your tentacles to constrict eight enemies at once.
Your skin changes colour to match your surroundings (Stealth+).
Your rubbery body absorbs attacks. (AC +1, EV +1)


Message History

You see here a worker ant corpse.
An orc warrior comes into view. It is wielding a +5 vorpal halberd.
The orc shouts!
You hear a shout!
The orc warrior shouts!
An orc comes into view. It is wielding a +0 short sword.
Found 18 bolts.
Menkaure, Prince of Dust comes into view.
The orc warrior barely misses you. The orc barely misses you.
The orc warrior misses you.
You hit the orc warrior but do no damage.
Lightning courses through the orc warrior!
Your grab misses the orc warrior. You squeeze the orc warrior!
The orc warrior is severely wounded.
You closely miss the orc. The orc barely misses you.
Menkaure calls on the powers of darkness!
The orc convulses!
The orc warrior convulses!
The orc convulses!
Your body is wracked with pain!
The orc warrior hits you with a +5 vorpal halberd!!
Ouch! That really hurt!
You die...

...#.......# ..#........
#...(...... #.......... ###.
......M... ##... .........
#....# #oo......
#....##@o....#
#.....#.##..##
##..........##
........#.#....#
........†.#..###
....##....##.#
...........#####
..............(.#..#..#### #
.......................#.#.#


You could see an orc warrior, Menkaure and 2 orcs.

Vanquished Creatures
  Eustachio (D:5)
  A hungry ghost (D:7)
  An orc warrior (D:6)
  2 phantoms (D:4)
  An ogre (D:5)
  A centaur (D:6)
  2 bullfrogs
  A howler monkey (D:6)
  3 crimson imps (D:6)
  6 orc priests
  A hound (D:4)
  4 orc wizards
  Crazy Yiuf (D:5)
  A centaur skeleton (D:7)
  Jessica (D:2)
  3 iguanas
  3 worker ants
  A hound skeleton (D:6)
  Robin (D:2)
  A howler monkey zombie (D:6)
  9 gnolls
  10 adders
  A howler monkey skeleton (D:6)
  2 oozes
  5 worms
  4 dart slugs
  2 leopard geckos
  24 orcs
  6 giant cockroaches
  14 goblins
  7 hobgoblins
  4 quokkas
  A ball python (D:4)
  2 bats
  5 frilled lizards
  13 kobolds
  8 rats
  A fungus (D:5)
154 creatures vanquished.

Notes
Turn   | Place    | Note
-------+----------+-------------------------------------------
     0 | D:1      | MisterFreud the Octopode Gladiator began the quest for the
                  | Orb.
     0 | D:1      | Reached XP level 1. HP: 14/14 MP: 1/1
   235 | D:1      | Reached XP level 2. HP: 20/20 MP: 2/2
   698 | D:1      | Reached XP level 3. HP: 26/26 MP: 3/3
  1162 | D:2      | Found a sparkling altar of Nemelex Xobeh.
  1202 | D:2      | Reached XP level 4. HP: 16/33 MP: 4/4
  1481 | D:2      | Found a burning altar of Makhleb.
  1492 | D:2      | Found a shimmering altar of Xom.
  1570 | D:2      | Reached skill level 4 in Dodging
  1571 | D:2      | Noticed Robin
  1709 | D:2      | Killed Robin
  1721 | D:2      | Reached XP level 5. HP: 27/37 MP: 5/5
  2236 | D:2      | Noticed Jessica
  2245 | D:2      | Killed Jessica
  2245 | D:2      | Reached skill level 5 in Dodging
  2600 | D:3      | Reached XP level 6. HP: 25/43 MP: 6/6
  2848 | D:3      | Noticed a +0 dagger
  2848 | D:3      | Noticed a +0 hand axe
  2849 | D:3      | Found a hide-covered altar of Uskayaw.
  2856 | D:3      | Reached skill level 6 in Dodging
  3277 | D:3      | Found a shadowy altar of Dithmenos.
  3545 | D:4      | Noticed a phantom
  3756 | D:4      | Reached XP level 7. HP: 48/48 MP: 7/7
  3762 | D:4      | Reached skill level 7 in Dodging
  4129 | D:4      | Reached skill level 8 in Dodging
  4662 | D:4      | Reached XP level 8. HP: 54/54 MP: 8/10
  4800 | D:5      | Entered Level 5 of the Dungeon
  4810 | D:5      | Found a basalt altar of Yredelemnul.
  4814 | D:5      | Found a hazy altar of Hepliaklqana.
  4814 | D:5      | Found a white marble altar of Elyvilon.
  4817 | D:5      | Found a stormy altar of Qazlal.
  4818 | D:5      | Found a shattered altar of Ashenzari.
  5185 | D:5      | Noticed Eustachio
  5201 | D:5      | Killed Eustachio
  5201 | D:5      | Reached skill level 1 in Spellcasting
  5238 | D:5      | Learned a level 2 spell: Blink
  5882 | D:5      | Found a runed translucent door.
  5883 | D:5      | Noticed Crazy Yiuf
  5888 | D:5      | Killed Crazy Yiuf
  6231 | D:6      | Found a blossoming altar of Fedhas.
  6238 | D:6      | Reached skill level 1 in Translocations
  6385 | D:6      | HP: 2/81 [orc priest/divine providence (12)]
  6767 | D:6      | Found a staircase to the Ecumenical Temple.
  6845 | D:6      | Found a glowing golden altar of the Shining One.
  6904 | Temple   | Entered the Ecumenical Temple
  6947 | Temple   | Became a worshipper of Cheibriados the Contemplative
  7084 | D:6      | Reached skill level 5 in Fighting
  7188 | D:7      | Reached XP level 9. HP: 56/61 MP: 15/15
  7279 | D:7      | Found an opulent altar of Gozag.
  7336 | D:7      | Noticed a two-headed ogre
  7338 | D:7      | Found an ornate altar of the Wu Jian Council.
  7338 | D:7      | Found a transporter.
  7351 | D:7      | Found a transporter.
  7381 | D:7      | Reached skill level 1 in Invocations
  7385 | D:7      | Noticed Menkaure
  7387 | D:7      | Slain by an orc warrior

Illustrated notes

Levels and vault maps discovered:
D:1:      ncdulo_wetmaze, layout_basic
D:2:      layout_rooms, amethyst_overflow_temple_binary, nemelex_altar_shiori,
          uniq_jessica, uniq_robin
D:3:      layout_rooms, dancing_weapons_uskayaw, lemuel_round_altar,
          first_ration
D:4:      wander_river, layout_loops_cross
D:5:      layout_cave_pods, minitemple, uniq_eustachio, uniq_crazy_yiuf_cottage
D:6:      layout_basic, nicolae_overflow_hidden_temple,
          minmay_temple_entry_nine_rooms, fedhas_ov_isle_minmay
D:7:      layout_cave_pools, grunt_gozag_statues,
          gammafunk_temple_overflow_arena, serial_shops, kennysheep_mini_moat,
          the_bakery, lightli_corner_chamber, uniq_menkaure
Temple:   dpeg_three_leaves_temple

Skill      XL: |  1  2  3  4  5  6  7  8  9 |
---------------+----------------------------+-----
Fighting       | 3 4 5 6 |  6.0
Dodging        | 4 5 6 8 |  8.0
Evocations     | 3 4 |  4.0
Spellcasting   | 4 |  4.0
Translocations | 3 |  3.0
Invocations    | 1 |  1.1
Polearms       | |  3.0
Throwing       | |  2.0

Action                   |  1- 3 |  4- 6 |  7- 9 || total
-------------------------+-------+-------+-------++-------
Melee: Short sword       |    39 |   200 |    98 ||   337
       Trident           |     3 |       |       ||     3
       Constrict         |    10 |    54 |    39 ||   103
       Tentacles         |     4 |    39 |    45 ||    88
       Hand axe          |       |       |   106 ||   106
Evoke: Wand              |       |       |    10 ||    10
  Use: Scroll            |       |     5 |     5 ||    10
       Potion            |       |     1 |     3 ||     4
 Stab: Sleeping          |    12 |     7 |     4 ||    23
  Eat: Chunk             |     1 |     8 |    10 ||    19
       Ration            |       |       |     1 ||     1
Armor: Skin              |     1 |    17 |    32 ||    50
Dodge: Dodged            |    14 |   101 |   127 ||   242

Table legend:
 A = Non-vault XP
 B = Vault XP
 C = Vault XP percentage of total XP
 D = Non-vault monster count
 E = Vault monster count
 F = Vault count percentage of total count
                 A         B        C        D         E       F
            +---------+---------+-------+---------+---------+-------
      Total |    2414 |     311 |  11.4 |     139 |      14 |   9.2
            +---------+---------+-------+---------+---------+-------
        D:1 |      46 |       0 |   0.0 |      19 |       0 |   0.0
        D:2 |     143 |      73 |  33.8 |      28 |      12 |  30.0
        D:3 |     332 |       0 |   0.0 |      37 |       0 |   0.0
        D:4 |     618 |       0 |   0.0 |      20 |       0 |   0.0
        D:5 |     169 |     238 |  58.5 |       4 |       2 |  33.3
        D:6 |     698 |       0 |   0.0 |      24 |       0 |   0.0
        D:7 |     408 |       0 |   0.0 |       7 |       0 |   0.0
            +---------+---------+-------+---------+---------+-------
